 Dungeon Sprint DCSS version 0.26.1-2-gb8aa6d0cf2 (webtiles) character file.

Game seed: 12717892847647931461

1646 Groucho the Unseen (level 8, -1/35 (37) HPs)
             Began as a Spriggan Enchanter on Feb 18, 2021.
             Was a High Priest of Kikubaaqudgha.
             Slain by a wight
             ... wielding a +4 war axe
              (3 damage)
             ... in the Dungeon (Sprint VII: "The Pits").
             The game lasted 00:07:47 (2029 turns).

Groucho the Unseen (Spriggan Enchanter)             Turns: 2029, Time: 00:07:49

HP:   -1/35 (37)    AC:  2    Str:  9    XL:     8   Next: 67%
MP:   11/24         EV: 24    Int: 16    God:    Kikubaaqudgha [*****.]
Gold: 0             SH:  0    Dex: 17    Spells: 5/29 levels left

rFire    . . .     SeeInvis +   p - +2 rapier (venom)
rCold    . . .     Faith    .   (shield restricted)
rNeg     . . .     Spirit   .   b - +0 robe
rPois    .         Reflect  .   (helmet restricted)
rElec    .         Harm     .   (no cloak)
rCorr    .         Rampage  .   (gloves unavailable)
Will     +....     NoTele   +   (boots unavailable)
Stlth    ++++++....             (no amulet)
HPRegen  0.11/turn              n - +3 ring of evasion
MPRegen  0.19/turn              o - +3 ring of strength

@: confusing touch, drained, very quick
A: very small, unfitting armour, see invisible, speed 3
a: Renounce Religion, Receive Corpses, Torment


You were in the Dungeon.
You worshipped Kikubaaqudgha.
Kikubaaqudgha was extremely pleased with you.
You visited 1 branch

Inventory:

Hand Weapons
 a - a +2 dagger
 p - a +2 rapier of venom (weapon)
Missiles
 j - 10 stones (quivered)
Armour
 b - a +0 robe (worn)
Jewellery
 n - a +3 ring of evasion (left hand)
 o - a +3 ring of strength (right hand)
Scrolls
 i - a scroll of blinking
 k - 3 scrolls of remove curse
 l - 5 scrolls of amnesia
 m - a scroll of summoning
Potions
 c - 2 potions of berserk rage
 d - 6 potions of curing
 e - 12 potions of heal wounds
 f - a potion of haste
 g - 4 potions of magic
 h - 2 potions of invisibility
 q - 3 potions of might
 r - a potion of brilliance


   Skills:
 + Level 1.2 Fighting
 * Level 3.6 Short Blades
 * Level 5.5 Dodging
 + Level 15.2 Stealth
 + Level 11.2 Spellcasting
 * Level 11.5 Hexes
 + Level 8.5 Necromancy


You had 5 spell levels left.
You knew the following spells:

 Your Spells              Type           Power        Failure   Level
a - Corona                Hex            50%          1%          1
b - Ensorcelled Hibernat  Hex/Ice        54%          1%          2
c - Confusing Touch       Hex            45%          1%          3
d - Tukima's Dance        Hex            45%          1%          3
e - Dazzling Flash        Conj/Hex       54%          2%          3
f - Animate Skeleton      Necr           72%          1%          1
g - Dispel Undead         Necr           36%          2%          4
h - Vampiric Draining     Necr           18%          1%          3
i - Animate Dead          Necr           18%          2%          4

Your spell library contained the following spells:

 Spells                   Type           Power        Failure   Level
 Pain                     Necr           100%         1%          1
 Sublimation of Blood     Necr           18%          1%          2
 Borgnjor's Vile Clutch   Necr/Erth      11%          36%         5
 Death Channel            Necr           18%          36%         6
 Simulacrum               Ice/Necr       11%          91%         6


Dungeon Overview and Level Annotations

Branches:
Dungeon (1/1)

Altars:
Ashenzari
Cheibriados
Dithmenos
Elyvilon
Fedhas
Gozag
Hepliaklqana
Kikubaaqudgha
Makhleb
Nemelex Xobeh
Okawaru
Qazlal
Ru
Sif Muna
Trog
Uskayaw
Vehumet
Wu Jian
Xom
Yredelemnul
Zin
The Shining One
Beogh
Jiyva
Lugonu


Innate Abilities, Weirdness & Mutations

You are very small and have problems with some larger weapons.
You are too small for most types of armour.
You have supernaturally acute eyesight. (SInv)
You cover ground extremely quickly.


Message History

The wight is lightly damaged.
Your wolf zombie bites the death yak.
Your wolf zombie bites the wight.
Your wolf zombie bites the death yak.
The wight hits you with a +4 war axe. The wight misses your wolf zombie.
The death yak gores your wolf zombie!
Unknown command.
Casting: Ensorcelled Hibernation (safe; 1% risk of failure)
Confirm with . or Enter, or press ? or * to list all spells.
Your hands begin to glow red.
Something closely misses your wolf zombie.
Your wolf zombie bites the wight but does no damage.
Your wolf zombie closely misses the death yak.
Something bites your wolf zombie.
The death yak barely misses your wolf zombie.
The wight hits your wolf zombie with a +0 dagger.
Your wolf zombie closely misses the wight.
The wight hits you with a +4 war axe!
* * * LOW HITPOINT WARNING * * *
You feel drained.
You die...
Kikubaaqudgha rasps: "You have failed me!
Welcome... death!"

########## ________.#
________.#
______...###########++######
########'##................#
?..')))'.##......#..#......#
########.##......zZ........+
).........'.....Zz.........+
#####'#####.....@#h.#......#
#...#.#[[##......ZYzz......#
#...#.#))#####'#####z'######
#...'.#))##.......##''#
##'####))##.......##h.#
#.....#..##.......##h.#
#.....#'###...<...##hz#
#........##.......##h.#
#........##.......##hY#


You could see a death yak, 5 wights and 3 friendly wolf zombies.

Vanquished Creatures
  A deep elf mage (D)
  A basilisk (D)
  A floating eye (D)
  3 black bears (D)
  A sky beast (D)
  4 wolves (D)
  A big kobold (D)
  2 quasits (D)
  2 iguanas (D)
  2 adders (D)
  An ufetubus (D)
  An ooze (D)
  An adder skeleton (D)
  A leopard gecko (D)
  A bat zombie (D)
  A goblin (D)
  A frilled lizard (D)
25 creatures vanquished.

Vanquished Creatures (collateral kills)
  A wraith (D)
  An eye of draining (D)
  A giant cockroach (D)
3 creatures vanquished.

Grand Total: 28 creatures vanquished

Notes
Turn   | Place    | Note
-------+----------+-------------------------------------------
     0 | D        | Groucho the Spriggan Enchanter began the quest for the Orb.
     0 | D        | Reached XP level 1. HP: 9/9 MP: 5/5
    15 | D        | Reached skill level 5 in Stealth
    15 | D        | Reached XP level 2. HP: 13/13 MP: 7/7
    87 | D        | Found a glowing golden altar of the Shining One.
    87 | D        | Found a glowing silver altar of Zin.
    87 | D        | Found a basalt altar of Yredelemnul.
    87 | D        | Found a shimmering altar of Xom.
    87 | D        | Found an ornate altar of the Wu Jian Council.
    87 | D        | Found a bloodstained altar of Trog.
    87 | D        | Found a shimmering blue altar of Sif Muna.
    87 | D        | Found a sacrificial altar of Ru.
    87 | D        | Found a stormy altar of Qazlal.
    87 | D        | Found an iron altar of Okawaru.
    87 | D        | Found a sparkling altar of Nemelex Xobeh.
    87 | D        | Found a burning altar of Makhleb.
    87 | D        | Found a viscous altar of Jiyva.
    87 | D        | Found a hazy altar of Hepliaklqana.
    87 | D        | Found an opulent altar of Gozag.
    87 | D        | Found a blossoming altar of Fedhas.
    87 | D        | Found a white marble altar of Elyvilon.
    87 | D        | Found a shadowy altar of Dithmenos.
    87 | D        | Found a snail-covered altar of Cheibriados.
    89 | D        | Found a radiant altar of Vehumet.
    89 | D        | Found a corrupted altar of Lugonu.
    89 | D        | Found a roughly hewn altar of Beogh.
    90 | D        | Found a hide-covered altar of Uskayaw.
    90 | D        | Found an ancient bone altar of Kikubaaqudgha.
    90 | D        | Found a broken altar of Ashenzari.
    99 | D        | Became a worshipper of Kikubaaqudgha
   113 | D        | Noticed a floating eye
   120 | D        | Paralysed by a floating eye for 2 turns
   123 | D        | Killed a floating eye
   124 | D        | Reached skill level 9 in Stealth
   124 | D        | Reached skill level 5 in Spellcasting
   124 | D        | Reached XP level 3. HP: 16/16 MP: 8/11
   124 | D        | Reached XP level 4. HP: 21/21 MP: 8/12
   350 | D        | Reached * piety under Kikubaaqudgha
   350 | D        | Identified Kikubaaqudgha's Handbook of Evil (Kikubaaqudgha
                  | gifted it to you in the Dungeon)
   350 | D        | Received a gift from Kikubaaqudgha
   359 | D        | Learned a level 2 spell: Ensorcelled Hibernation
   363 | D        | Learned a level 3 spell: Confusing Touch
   367 | D        | Learned a level 3 spell: Tukima's Dance
   371 | D        | Learned a level 3 spell: Dazzling Flash
   374 | D        | Reached skill level 10 in Stealth
   676 | D        | Learned a level 1 spell: Animate Skeleton
   691 | D        | Reached ** piety under Kikubaaqudgha
   892 | D        | Noticed a black bear
   893 | D        | Noticed a big kobold
   894 | D        | Noticed a black bear
   895 | D        | Noticed a black bear
   897 | D        | Killed a black bear
   898 | D        | Reached skill level 11 in Stealth
   898 | D        | Reached XP level 5. HP: 24/24 MP: 13/15
   919 | D        | Reached *** piety under Kikubaaqudgha
   919 | D        | Identified Kikubaaqudgha's Catalogue of Dark Rites
                  | (Kikubaaqudgha gifted it to you in the Dungeon)
   919 | D        | Received a gift from Kikubaaqudgha
   924 | D        | Reached skill level 12 in Stealth
   924 | D        | Reached XP level 6. HP: 13/28 MP: 5/17
   938 | D        | Reached skill level 13 in Stealth
   945 | D        | Learned a level 4 spell: Dispel Undead
   949 | D        | Learned a level 3 spell: Vampiric Draining
  1331 | D        | Reached skill level 5 in Necromancy
  1336 | D        | Reached **** piety under Kikubaaqudgha
  1337 | D        | Reached skill level 14 in Stealth
  1698 | D        | Noticed a deep elf mage
  1700 | D        | Killed a deep elf mage
  1701 | D        | Reached skill level 15 in Stealth
  1701 | D        | Reached skill level 10 in Hexes
  1701 | D        | Reached XP level 7. HP: 32/32 MP: 19/21
  1707 | D        | Learned a level 4 spell: Animate Dead
  1707 | D        | Noticed a basilisk
  1709 | D        | Killed a basilisk
  1710 | D        | Reached skill level 10 in Spellcasting
  1710 | D        | Reached XP level 8. HP: 36/36 MP: 21/23
  1736 | D        | Reached ***** piety under Kikubaaqudgha
  2008 | D        | Noticed a death yak
  2024 | D        | Reached skill level 1 in Fighting
  2024 | D        | Reached skill level 5 in Dodging
  2029 | D        | Slain by a wight

Illustrated notes

Levels and vault maps discovered:
D:        pitsprint [storerooms_1, entrance_room_1, metal_vault_3, armoury_3,
          mini_pit_1, grid_room_1, main_hall_1, silver_pit, the_coven_3,
          the_vestibule_1, steel_vault_3, golden_pit, hallway_of_sentries,
          crystal_vault_2, iron_vault_4, final_vault]

Skill      XL: |  1  2  3  4  5  6  7  8 |
---------------+-------------------------+-----
Short Blades   | 2 3 |  3.6
Stealth        | 5 9 11 12 15 | 15.2
Spellcasting   | 3 5 6 7 9 10 11 | 11.2
Hexes          | 4 6 7 10 11 | 11.5
Necromancy     | 3 4 7 8 |  8.5
Dodging        | 5 |  5.5
Fighting       | 1 |  1.2

Action                   |  1- 3 |  4- 6 |  7- 9 || total
-------------------------+-------+-------+-------++-------
Melee: Dagger            |    11 |    28 |    23 ||    62
       Rapier            |       |       |     5 ||     5
Throw: Stone             |       |     1 |       ||     1
 Cast: Ensorcelled Hiber |       |    15 |     9 ||    24
       Confusing Touch   |       |     2 |     2 ||     4
       Animate Dead      |       |       |     2 ||     2
  Use: Potion            |     1 |       |     1 ||     2
 Stab: Sleeping          |     1 |    11 |     8 ||    20
       Confused          |       |     1 |     1 ||     2
Armor: Robe              |       |     4 |     5 ||     9
Dodge: Dodged            |     3 |    49 |    49 ||   101
